 Dungeon Crawl Stone Soup version bcrawl-1.28.1b (webtiles) character file.

Game seed: 7851139084836562988

127150 Adamkad1 the Insei (level 4, -2/29 HPs)
             Began as an Octopode Transmuter on Dec 17, 2020.
             Slain by an orc
             ... wielding a cursed -1 mace
              (8 damage)
             ... on level 3 of the Dungeon.
             The game lasted 00:02:02 (2338 turns).

Adamkad1 the Insei (Octopode Transmuter)            Turns: 2338, Time: 00:02:02

Health: -2/29      AC:  1    Str:  9    XL:     4   Next: 93%
Magic:  7/8        EV: 14    Int: 15    God:
Gold:   131        SH:  0    Dex: 13    Spells: 4/8 levels left

rFire    . . .     SeeInvis .     - Tentacles (6.2)
rCold    . . .     Gourm    .   (no shield)
rNeg     . . .     Faith    .   (helmet restricted)
rPois    .         Spirit   .   (cloak restricted)
rElec    .         Reflect  .   (no amulet)
rCorr    .         Harm     .   (no ring)
MR       .....                  (no ring)
Stlth    ++........             (no ring)
HPRegen  0.09/turn              (no ring)
MPRegen  0.11/turn              (no ring)
                                (no ring)
                                (no ring)
                                (no ring)

@: appendage
A: almost no armour, stealthy swim, amphibious, 8 rings, constrict 8, tentacle
spike 3, camouflage 1, gelatinous body 1
a: End Transformation


You were on level 3 of the Dungeon.
You were not hungry.
One of your tentacles had a temporary spike.
You visited 1 branch of the dungeon, and saw 3 of its levels.

You collected 131 gold pieces.

Inventory:

Missiles
 a - 120 arrows
Jewellery
 f - an uncursed ring of poison resistance {unknown}
 k - a cursed ring of attention {unknown}
Scrolls
 d - a scroll of magic mapping {unknown}
 g - a scroll of amnesia {unknown}
 i - a scroll of teleportation {unknown}
 j - 4 scrolls of identify
 m - 2 scrolls of fear {unknown}
Potions
 c - a potion of lignification
 h - 3 potions of might {unknown}
 l - 2 potions of flight {unknown}
 n - 2 potions of heal wounds {unknown}
Comestibles
 b - 11 chunks of flesh
 e - 6 rations {!d}


   Skills:
 + Level 2.0 Fighting
 + Level 2.8 Dodging
 + Level 3.5 Unarmed Combat
 + Level 2.7 Spellcasting
 + Level 2.8 Transmutations


You had 4 spell levels left.
You knew the following spells:

 Your Spells              Type           Power        Failure   Level  Hunger
a - Beastly Appendage     Tmut           ##....       6%          1    None
b - Spider Form           Tmut/Pois      #..          34%         3    ####...

Your spell library contained the following spells:

 Spells                   Type           Power        Failure   Level  Hunger
 Sticks to Snakes         Tmut           ##......     10%         2    ##.....
 Passwall                 Tmut/Erth      #.......     17%         2    ##.....
 Ice Form                 Ice/Tmut       #.......     75%         4    #####..
 Blade Hands              Tmut           ##........   87%         5    #######


Dungeon Overview and Level Annotations

Branches:
Dungeon (3/12)

Altars:
Sif Muna

Annotations:
D:3 3 runed translucent doors, yrara's ghost, amateur DsFi


Innate Abilities, Weirdness & Mutations

You cannot wear most types of armour.
You are very stealthy in the water. (Stealth+)
You are amphibious.
You can wear up to eight rings at the same time.
You can use your tentacles to constrict eight enemies at once.
Your skin changes colour to match your surroundings (Stealth+).
Your rubbery body absorbs attacks. (AC +1, EV +1)
One of your tentacles bears a large vicious spike.


Message History

Things that are here:
a +0 club; a bat skeleton; a hobgoblin skeleton You feel sick.
Casting: Beastly Appendage (safe; 6% risk of failure)
Confirm with . or Enter, or press ? or * to list all spells.
Okay, then.
You feel sick.
Press: ? - help, v - describe, . - travel
Here: an orc, wielding a -1 mace and wearing a +0 scale mail
Casting: Beastly Appendage (safe; 6% risk of failure)
Confirm with . or Enter, or press ? or * to list all spells.
One of your tentacles grows a vicious spike.
You feel sick.
You are no longer poisoned.
You barely miss the orc. Your grab misses the orc.
You pierce the orc.
You tentacle-slap the orc, but do no damage.
You squeeze the orc.
The orc is almost dead.
The orc hits you with a cursed -1 mace!
You die...

#..........#)#
#..........#.## .#
............#..# .#
...###########.##.#
#####. ... #.##.#
#.... .. #.##.#
#...# . #..#.#
#...# ##o#.# #...#
#.@.# #...#
##..###...#########
#.>.......).......
######...#########
#####


You could see an orc.

Vanquished Creatures
  3 gnolls (D:3)
  An ooze (D:2)
  An adder skeleton (D:3)
  A worm (D:2)
  5 dart slugs
  4 leopard geckos (D:1)
  2 orcs (D:3)
  5 giant cockroaches
  7 hobgoblins
  5 kobolds
  2 quokkas (D:2)
  A ball python (D:1)
  8 bats
  4 frilled lizards
  3 goblins
  5 rats
57 creatures vanquished.

Notes
Turn   | Place    | Note
-------+----------+-------------------------------------------
     0 | D:1      | Adamkad1 the Octopode Transmuter began the quest for the
                  | Orb.
     0 | D:1      | Reached XP level 1. HP: 13/13 MP: 3/3
    42 | D:1      | Reached XP level 2. HP: 16/18 MP: 5/5
   471 | D:1      | Reached XP level 3. HP: 18/23 MP: 6/6
  1119 | D:2      | Learned a level 3 spell: Spider Form
  1477 | D:2      | Reached XP level 4. HP: 24/29 MP: 5/7
  1990 | D:2      | Found a shimmering blue altar of Sif Muna.
  2293 | D:3      | Found a runed translucent gate.
  2293 | D:3      | Found a runed translucent gate.
  2293 | D:3      | Found a runed translucent gate.
  2293 | D:3      | Noticed yrara's ghost (amateur DsFi)
  2338 | D:3      | Slain by an orc

Skill      XL: |  1  2  3  4 |
---------------+-------------+-----
Fighting       | 2 |  2.0
Dodging        | |  2.8
Unarmed Combat | |  3.5
Spellcasting   | |  2.7
Transmutations | |  2.8

Action                   |  1- 3 |  4- 6 || total
-------------------------+-------+-------++-------
Melee: Unarmed           |    81 |    41 ||   122
       Constrict         |    24 |    14 ||    38
       Tentacles         |    13 |     7 ||    20
       Kick              |     9 |    10 ||    19
       Punch             |     1 |     2 ||     3
 Cast: Beastly Appendage |    20 |     9 ||    29
 Stab: Sleeping          |     7 |       ||     7
  Eat: Chunk             |     4 |     4 ||     8
Armor: Skin              |     5 |     2 ||     7
Dodge: Dodged            |    54 |    32 ||    86
